 Dungeon Crawl Stone Soup version 0.29-a0-338-g1ff7896281 (webtiles) character file.

Game seed: 18111470579419068412

234 zeratav the Vexing (level 6, 0/30 HPs)
             Began as a Vine Stalker Enchanter on Apr 17, 2022.
             Succumbed to a scorpion's poison
             ... on level 4 of the Dungeon on Apr 18, 2022.
             The game lasted 00:08:04 (2682 turns).

zeratav the Vexing (Vine Stalker Enchanter)         Turns: 2682, Time: 00:08:05

Health: 0/30       AC:  2    Str: 10    XL:     6   Next: 5%
Magic:  2/10       EV: 12    Int: 18    God:
Gold:   199        SH:  0    Dex: 17    Spells: 4/9 levels left

rFire   . . .      SeeInvis .   s - +4 falchion "Famatsos" {venom, rN+ Int+3, long}
rCold   . . .      Faith    +   (no shield)
rNeg    + . .      Spirit   +   b - +0 robe
rPois   .          Reflect  .   (no helmet)
rElec   .          Harm     .   (no cloak)
rCorr   .          Rampage  .   (no gloves)
Will    .....                   (no boots)
Stlth   +++.......              i - amulet of faith {!P}
HPRegen 0.90/turn               g - ring of flight
MPRegen 0.12/turn               (no ring)

@: lethally poisoned (0 -> -13), flying, hasted, very quick
A: fangs 2, regeneration 1, magic shield, antimagic bite, no potion heal 2
a: no special abilities


You were on level 4 of the Dungeon.
You visited 1 branch of the dungeon, and saw 4 of its levels.

You collected 199 gold pieces.


Innate Abilities, Weirdness & Mutations

You have extremely sharp teeth.
Your natural rate of healing is unusually fast.
When hurt, damage is shared between your health and your magic reserves.
Your bite disrupts and absorbs the magic of your enemies.
Potions cannot restore your health.


   Skills:
 + Level 2.1 Fighting
 * Level 3.5 Short Blades
 - Level 1.5 Dodging
 - Level 3.6 Stealth
 - Level 2.1 Spellcasting
 + Level 4.4 Hexes


You had 4 spell levels left.
You knew the following spells:

 Your Spells              Type           Power      Damage    Failure   Level
a - Ensorcelled Hibernat  Hex/Ice        18%        N/A       11%         2
b - Confusing Touch       Hex            18%        N/A       9%          3

Your spell library contained the following spells:

 Spells                   Type           Power      Damage    Failure   Level
 Tukima's Dance           Hex            18%        N/A       9%          3
 Foxfire                  Conj/Fire      4%         2x1d4     19%         1
 Dazzling Flash           Conj/Hex       18%        N/A       22%         3
 Inner Flame              Hex/Fire       9%         N/A       22%         3
 Conjure Flame            Conj/Fire      1%         6-21      47%         3
 Flame Wave               Conj/Fire      1%         2d4       87%         4

Inventory:

Hand Weapons
 a - a +1 dagger {short}
 d - a +2 short sword of venom {short}
   (You found it on level 1 of the Dungeon)
 s - the +4 falchion "Famatsos" (weapon) {venom, rN+ Int+3, long}
   (You found it on level 3 of the Dungeon)

   It poisons the flesh of those it strikes.
   Int:       It affects your intelligence (+3).
   rN:        It protects you from negative energy.
 z - a +0 rapier {short}
   (You found it on level 3 of the Dungeon)
Armour
 b - a +0 robe (worn)
 f - a +0 leather armour
   (You found it on level 1 of the Dungeon)
 k - a +0 cloak
   (You found it on level 2 of the Dungeon)
 n - a +0 robe
   (You took it off Jessica on level 2 of the Dungeon)
 q - a +0 plate armour
   (You found it on level 2 of the Dungeon)
 t - a +0 scale mail
   (You took it off a hobgoblin on level 3 of the Dungeon)
 B - a +0 ring mail
   (You took it off an orc on level 3 of the Dungeon)
 C - a +0 ring mail
   (You took it off an orc on level 3 of the Dungeon)
Jewellery
 g - a ring of flight (left hand)
   (You found it on level 1 of the Dungeon)
 i - an amulet of faith (around neck) {!P}
   (You found it on level 1 of the Dungeon)
Scrolls
 e - 2 scrolls of identify {unknown}
 h - 2 scrolls of vulnerability {unknown}
 m - a scroll of fog {unknown}
 p - a scroll of blinking {unknown}
 u - 2 scrolls of summoning {unknown}
 w - a scroll of amnesia {unknown}
 x - a scroll of teleportation {unknown}
 y - a scroll of magic mapping {unknown}
Potions
 c - 2 potions of invisibility
 j - a potion of flight {unknown}
 l - a potion of berserk rage {unknown}
 o - a potion of degeneration {unknown}
 r - a potion of haste {@q3}
 v - a potion of ambrosia {unknown}
 A - a potion of heal wounds {unknown}

Dungeon Overview and Level Annotations

Branches:
Dungeon (4/15)
 Temple: D:4-7

Altars:

# #.# ...###.###.#
#.........#
#.###<######
#......# #+##
######.# #...## #
#.# ##.....##
##.#.####.....[.#
##.....##.@../....
............†.......
####....##........[.
##....##..J.....#
##... .##.....##
##...# #...## ##J#
#+##


You could see an endoplasm (asleep).


Message History

The orc shouts!
The orc closely misses you.
You hit the orc. The orc hits you with a +0 trident.
HP[-2] MP[-1]
You take 2 damage, and now have 24/26 hp.
You lost 1 mp, and now have 8/9 mp.
You slash the orc!
You kill the orc!
HP[+1] No target in view!
No target in view!
No target in view!
No target in view!
No target in view!
No target in view!
No target in view!
No target in view!
No target in view!
No target in view!
No target in view!
No target in view!
No target in view!
No target in view!
No target in view!
C - a +0 ring mail
Things that are here:
a +0 trident {polearm}; an orc corpse HP[+1] MP[+1]
Your hp is fully restored (26).
Your mp is fully restored (9).
Things that are here:
a +0 club {mace}; a +0 falchion {long}; an orc skeleton You see here a +0 hand axe {axe}.
Done exploring.
Done exploring.
(D) Dungeon
Where to? (Enter - D:2 @ (x,y), ? - help)
There is a stone staircase leading down here.
You fly downwards.
There is a stone staircase leading up here.
There is a stone staircase leading up here.
An endoplasm comes into view. x2
A scorpion comes into view.
Casting: Ensorcelled Hibernation (safe; 11% risk of failure)
Confirm with . or Enter, or press ? or * to list all spells.
Aiming: Ensorcelled Hibernation (safe; 11% risk of failure)
Press: ? - help, Shift-Dir - straight line, f - scorpion
Aim: a scorpion (chance to affect: 43%)
You miscast Ensorcelled Hibernation.
You are very lightly contaminated with residual magic.
Nothing appears to happen.
MP[-2]
You lost 2 mp, and now have 7/9 mp.
Casting: Ensorcelled Hibernation (safe; 11% risk of failure)
Confirm with . or Enter, or press ? or * to list all spells.
Aiming: Ensorcelled Hibernation (safe; 11% risk of failure)
Press: ? - help, Shift-Dir - straight line, f/p - scorpion
Aim: a scorpion (chance to affect: 43%)
The scorpion looks drowsy...
MP[-2]
You lost 2 mp, and now have 5/9 mp.
The scorpion closely misses you.
You hit the scorpion. Your bite misses the scorpion. The scorpion misses you.
You completely miss the scorpion. The scorpion stings you.
You are poisoned.
The scorpion poisons you! The scorpion barely misses you.
HP[-2] MP[-1]
You take 2 damage, and now have 24/26 hp.
You lost 1 mp, and now have 4/9 mp.
You closely miss the scorpion.
You bite the scorpion, but do no damage.
You feel very sick. The scorpion stings you.
Your magical contamination has completely faded away.
HP[-6] MP[-1]
You take 6 damage, and now have 18/26 hp.
MASSIVE DAMAGE!! (PAUSE)
You lost 1 mp, and now have 3/9 mp.
You hit the scorpion.
The scorpion is poisoned.
Your bite misses the scorpion.
You feel very sick. The scorpion stings you.
You are more poisoned.
The scorpion poisons you! The scorpion stings you!
* * * LOW HITPOINT WARNING * * *
You are lethally poisoned!
The scorpion poisons you!
HP[-9] MP[-1]
You take 9 damage, and now have 9/26 hp.
MASSIVE DAMAGE!! (PAUSE)
You lost 1 mp, and now have 2/9 mp.
You hit the scorpion.
The scorpion looks as sick as possible!
* * * LOW HITPOINT WARNING * * *
You feel extremely sick.
You kill the scorpion!
Your Fighting skill increases to level 2!
You have reached level 6!
HP[-6]
You now have 30 max hp (+4).
You take 6 damage, and now have 3/30 hp.
It was a potion of haste.
You feel yourself speed up.
You die...

Skill      XL: |  1  2  3  4  5 |
---------------+----------------+-----
Short Blades   | 1 2 3 |  3.5
Fighting       | 1 2 |  2.1
Hexes          | 4 |  4.4
Dodging        | |  1.5
Stealth        | |  3.6
Spellcasting   | |  2.1

Action                   |  1- 3 |  4- 6 || total
-------------------------+-------+-------++-------
Melee: Short sword       |    72 |    28 ||   100
       Dagger            |     1 |       ||     1
       Bite              |    14 |    11 ||    25
       Punch             |     1 |     1 ||     2
       Falchion          |       |    34 ||    34
 Cast: Ensorcelled Hiber |     2 |     6 ||     8
  Use: Potion            |       |     1 ||     1
 Stab: Sleeping          |    10 |     5 ||    15
       Distracted        |       |     1 ||     1
Armor: Robe              |    11 |     8 ||    19
Dodge: Dodged            |    44 |    37 ||    81

Levels and vault maps discovered:
D:1:      mrwooster_arrival_statue_3, layout_basic,
          hellmonk_ecumenical_altar_dog_temple, chequers_decorated_corner
D:2:      layout_basic, chequers_serial_rivers_micro_d,
          kennysheep_cross_bottleneck, uniq_jessica
D:3:      layout_rooms
D:4:      layout_loops_corners, serial_shops, nicolae_shop_bloodbath_and_beyond

Notes
Turn   | Place    | Note
-------+----------+-------------------------------------------
     0 | D:1      | zeratav the Vine Stalker Enchanter began the quest for the
                  | Orb.
     0 | D:1      | Reached XP level 1. HP: 9/9 MP: 4/4
     0 | D:1      | magus.rc [v1.9.6]
   151 | D:1      | Reached XP level 2. HP: 13/13 MP: 6/6
   151 | D:1      | magus.rc [v1.9.6]
   151 | D:1      | magus.rc [v1.9.6]
   175 | D:1      | Reached skill level 1 in Short Blades
   305 | D:1      | Found a faded altar of an unknown god.
   682 | D:1      | Reached XP level 3. HP: 17/17 MP: 7/7
   906 | D:2      | Learned a level 3 spell: Confusing Touch
  1125 | D:2      | Learned a level 2 spell: Ensorcelled Hibernation
  1205 | D:2      | Noticed Jessica
  1259 | D:2      | Killed Jessica
  1260 | D:2      | Reached skill level 1 in Fighting
  1260 | D:2      | Reached skill level 2 in Short Blades
  1260 | D:2      | Gained mutation: Your natural rate of healing is unusually
                  | fast. [Vine Stalker growth]
  1260 | D:2      | Reached XP level 4. HP: 18/22 MP: 4/8
  1717 | D:2      | Reached skill level 4 in Hexes
  1927 | D:3      | Noticed a scorpion
  2140 | D:3      | Identified the +4 falchion "Famatsos" {venom, rN+ Int+3}
  2168 | D:3      | Killed a scorpion
  2169 | D:3      | Reached skill level 3 in Short Blades
  2169 | D:3      | Reached XP level 5. HP: 20/26 MP: 4/9
  2227 | D:3      | You pick up a book of Flames and begin reading...
  2227 | D:3      | You add the spells Foxfire, Conjure Flame, Inner Flame and
                  | Flame Wave to your library.
  2681 | D:4      | HP: 2/26 [poisoned by a scorpion]
  2682 | D:4      | Reached skill level 2 in Fighting
  2682 | D:4      | Reached XP level 6. HP: 3/30 MP: 2/10
  2682 | D:4      | Succumbed to a scorpion's poison

Vanquished Creatures
  2 scorpions
  Jessica (D:2)
  An adder (D:3)
  4 worms
  2 dart slugs (D:2)
  5 orcs (D:3)
  6 endoplasms
  2 giant cockroaches
  6 goblins
  7 hobgoblins
  3 jackals (D:1)
  2 kobolds (D:2)
  2 quokkas
  6 ball pythons
  6 bats
  4 frilled lizards
  5 rats
64 creatures vanquished.

Table legend:
 A = Non-vault XP
 B = Vault XP
 C = Vault XP percentage of total XP
 D = Non-vault monster count
 E = Vault monster count
 F = Vault count percentage of total count
                 A         B        C        D         E       F
            +---------+---------+-------+---------+---------+-------
      Total |     292 |      43 |  12.8 |      60 |       4 |   6.2
            +---------+---------+-------+---------+---------+-------
        D:1 |      30 |       6 |  16.7 |      19 |       3 |  13.6
        D:2 |      54 |      37 |  40.7 |      24 |       1 |   4.0
        D:3 |     129 |       0 |   0.0 |      16 |       0 |   0.0
        D:4 |      79 |       0 |   0.0 |       1 |       0 |   0.0
            +---------+---------+-------+---------+---------+-------

Illustrated notes

Table legend:
 A = Kills in this place as a percentage of kills in entire the game.
 B = Kills by you in this place as a percentage of kills by you in the entire game.
 C = Kills by friends in this place as a percentage of kills by friends in the entire game.
 D = Other kills in this place as a percentage of other kills in the entire game.
 E = Experience gained in this place as a percentage of experience gained in the entire game.
 F = Experience gained in this place divided by the number of levels of this place that you have seen.
                   A       B       C       D       E      F
               +-------+-------+-------+-------+-------+----------------------
         Total | 100.0 | 100.0 |   N/A |   N/A | 100.0 |  83.8
       Dungeon | 100.0 | 100.0 |   N/A |   N/A | 100.0 |  83.8
               +-------+-------+-------+-------+-------+----------------------

Table legend: (Time is in decaauts)
 A = Elapsed time spent in this place.
 B = Non-inter-level travel time spent in this place.
 C = Inter-level travel time spent in this place.
 D = Time resting spent in this place.
 E = Time spent auto-exploring this place.
 F = Levels seen in this place.
 G = Mean time per level.
                   A        B        C        D        E       F      G
               +--------+--------+--------+--------+--------+-----+--------+
         Total |   2689 |   2602 |     87 |    339 |   1723 |   4 |  672.2 |
       Dungeon |   2689 |   2602 |     87 |    339 |   1723 |   4 |  672.2 |
               +--------+--------+--------+--------+--------+-----+--------+

Top non-repeatable levels by time:
     D:2: 1286 daAuts
     D:1: 837 daAuts
     D:3: 540 daAuts
     D:4: 23 daAuts
